 Dungeon Crawl Stone Soup version 0.29.1-2-gbd0b4ee654 (webtiles) character file.

Game seed: 15222445351214535231

39694 raph the Thaumaturge (level 13, -3/79 HPs)
             Began as a Deep Elf Fire Elementalist on Nov 26, 2022.
             Was a High Priest of Vehumet.
             Slain by a komodo dragon (15 damage)
             ... on level 5 of the Lair of Beasts.
             The game lasted 00:32:45 (18127 turns).

raph the Thaumaturge (Deep Elf Fire Elementalist)  Turns: 18127, Time: 00:32:45

Health: -3/79      AC: 15    Str:  7    XL:     13   Next: 70%
Magic:  39/42      EV: 17    Int: 24    God:    Vehumet [*****.]
Gold:   972        SH:  6    Dex: 15    Spells: 4/41 levels left

rFire   + . .      SeeInvis .   a - staff of fire
rCold   . . .      Faith    +   M - +1 buckler {AC+3}
rNeg    . . .      Spirit   .   N - +0 acid dragon scales
rPois   .          Reflect  .   T - +1 helmet
rElec   .          Harm     .   c - +2 cloak
rCorr   +          Rampage  .   J - +0 pair of gloves
Will    +....                   (no boots)
Stlth   ++........              h - amulet of faith
HPRegen 0.23/turn               l - +4 ring of evasion
MPRegen 0.28/turn               E - ring of magical power

@: lethally poisoned (-3 -> -11)
A: no striking features
a: Renounce Religion


You were on level 5 of the Lair of Beasts.
You worshipped Vehumet.
Vehumet was extremely pleased with you.
You visited 3 branches of the dungeon, and saw 16 of its levels.
You also visited: Bailey.

You collected 972 gold pieces.

Inventory:

Hand Weapons
 b - the +9 hand axe of Virtue {flame, Str+3}
   (You found it on level 2 of the Dungeon)

   It burns those it strikes, dealing additional fire damage.
   Big, fiery blades are also staple armaments of hydra-hunters.
   Str:       It affects your strength (+3).
 d - a +1 short sword of protection
 y - the +7 flail of Wounding {vamp, rElec Int+4}
   (You found it on level 10 of the Dungeon)

   It occasionally heals its wielder for a portion of the damage dealt when it
   wounds a living foe.
   Int:       It affects your intelligence (+4).
   rElec:     It insulates you from electricity.
Missiles
 e - 6 javelins
 w - 12 curare-tipped darts
Armour
 c - a +2 cloak (worn)
 q - a +0 robe
 J - a +0 pair of gloves (worn)
 M - a +1 buckler of protection (worn)
 N - +0 acid dragon scales (worn)
 S - +0 swamp dragon scales
 T - a +1 helmet (worn)
Magical Staves
 a - a staff of fire (weapon)
Jewellery
 h - an amulet of faith (around neck)
 j - a ring of willpower
 l - a +4 ring of evasion (left hand)
 s - a ring of positive energy
 t - an amulet of reflection
 B - a +6 ring of strength
 E - a ring of magical power (right hand)
 F - a +6 ring of strength
 G - a ring of poison resistance
 I - a +4 ring of slaying
 L - a ring of protection from fire
 P - a ring of willpower
 U - a ring of ice
 W - a ring of magical power
Wands
 p - a wand of quicksilver (13)
 H - a wand of charming (10)
 Q - a wand of iceblast (4)
 R - a wand of flame (4)
 V - a wand of polymorph (2)
Scrolls
 i - 7 scrolls of teleportation
 m - 4 scrolls of fear
 r - 3 scrolls of immolation
 C - a scroll of brand weapon
Potions
 f - 4 potions of might
 g - 4 potions of haste
 k - 3 potions of brilliance
 n - 2 potions of magic
 o - 3 potions of curing
 u - 2 potions of ambrosia
 v - a potion of flight
 x - a potion of berserk rage
 z - 4 potions of heal wounds
 A - 2 potions of cancellation
 D - 4 potions of lignification
 K - a potion of mutation
 O - a potion of resistance


   Skills:
 + Level 8.4 Fighting
 - Level 2.8 Staves
 - Level 2.3 Armour
 - Level 7.7 Dodging
 - Level 4.7 Stealth
 - Level 3.5 Shields
 + Level 14.6 Spellcasting
 * Level 12.2 Conjurations
 + Level 13.0 Fire Magic
 - Level 2.9 Air Magic
 - Level 3.1 Evocations


You had 4 spell levels left.
You knew the following spells:

 Your Spells              Type           Power      Damage    Failure   Level
a - Foxfire               Conj/Fire      100%       2x1d9     1%          1
b - Scorch                Fire           100%       2d10      1%          2
c - Mephitic Cloud        Conj/Pois/Air  41%        N/A       1%          3
d - Inner Flame           Hex/Fire       65%        N/A       1%          3
e - Flame Wave            Conj/Fire      87%        2d19      1%          4
f - Magic Dart            Conj           100%       1d8       1%          1
g - Ignite Poison         Fire/Tmut/Pois 55%        N/A       1%          3
h - Stone Arrow           Conj/Erth      92%        3d12      1%          3
i - Fireball              Conj/Fire      43%        3d17      1%          5
j - Freezing Cloud        Conj/Ice/Air   20%        6-21      8%          5
k - Orb of Destruction    Conj           33%        9d10      12%         7

Your spell library contained the following spells:

 Spells                   Type           Power      Damage    Failure   Level
 Iskenderun's Mystic Bla  Conj/Tloc      46%        2d10      1%          4
 Conjure Flame            Conj/Fire      87%        6-21      1%          3
 Summon Small Mammal      Summ           68%        N/A       9%          1
 Call Canine Familiar     Summ           17%        N/A       24%         3
 Portal Projectile        Hex/Tloc       34%        N/A       24%         3
 Summon Guardian Golem    Hex/Summ       17%        N/A       24%         3
 Tukima's Dance           Hex            17%        N/A       24%         3
 Anguish                  Hex/Necr       8%         N/A       63%         4
 Blade Hands              Tmut           8%         N/A       92%         5
 Enfeeble                 Hex            8%         N/A       100%        7


Dungeon Overview and Level Annotations

Branches:
Dungeon (10/15)            Temple (1/1) D:4            Lair (5/5) D:10
 Shoals (0/4) Lair:2       Spider (0/4) Lair:2       Bailey (visited)
  Slime: Lair:4-5       Orc: D:9-12

Altars:
Ashenzari
Cheibriados
Dithmenos
Elyvilon
Fedhas
Gozag
Hepliaklqana
Kikubaaqudgha
Makhleb
Nemelex Xobeh
Okawaru
Qazlal
Ru
Sif Muna
Trog
Uskayaw
Vehumet
Wu Jian
Yredelemnul
Zin
The Shining One

Shops:
D:1 (   D:10 [

Annotations:
D:7 2 transporters, xelsha's ghost, novice GnAE
D:8 3 runed translucent doors, eightlis's ghost, novice MiBe
D:9 Amaemon
Lair:3 1 runed translucent door, Jyacosit's ghost, journeyman TeAE


Message History

You hear an angry hiss.
You hear a roar!
The plant is engulfed in blazing flames. x3
A nearby plant withers and dies.
The blink frog barely misses you.
A water moccasin comes into view.
The black mamba bites you!
* * * LOW HITPOINT WARNING * * *
A komodo dragon comes into view.
An elephant comes into view.
You block the komodo dragon's attack.
A wave of flame ripples out!
The flame wave engulfs the black mamba!
The black mamba is severely wounded.
The flame wave engulfs the blink frog!
The blink frog is severely wounded.
The flame wave engulfs the komodo dragon!
The komodo dragon is almost dead.
The flame wave engulfs the yak!!
You kill the yak!
Vehumet accepts your kill.
You feel your power returning.
The flame wave engulfs the wyvern!!
The wyvern is severely wounded.
The flame wave engulfs the blink frog!
The blink frog is heavily wounded.
The flame wave engulfs the blink frog!
The blink frog is moderately wounded.
The flame wave engulfs the blink frog!
The blink frog is heavily wounded.
The flame wave engulfs the plant!!
The plant is moderately damaged.
You finish channelling waves of flame.
You feel sick.
You hear a roar! x2
The plant is engulfed in a cloud of scalding steam.
The plant begins to die.
The plant is engulfed in blazing flames.
A nearby plant withers and dies.
The plant is engulfed in blazing flames.
The blink frog hits you but does no damage.
The black mamba misses you.
A cane toad comes into view.
The blink frog is engulfed in blazing flames.
The blink frog blinks!
The komodo dragon bites you!
You die...

♣PPP♣♣.........
..♣.PP♣hS......
.P~~PP♣..(.....
P~~§§§§§..°...♣
PP§§§§§§.†°...§
♣PP§§§§§†.°F♣.♣
♣♣♣§§§..l.F...l
..§§§§†@Sl..♣
.......F.......
$.....†....F..♣
...§§§.........
...§§§.D.......
.♣.♣§§....Y.Y..
.Y.............
.♣.♣....F......


You could see an eight-headed hydra, an elephant, a polar bear, 2 komodo
dragons, a black mamba, 2 yaks, a cane toad, 4 blink frogs, a water moccasin and
a wyvern.

Vanquished Creatures
  Fannar (Lair:4)
  3 hydras
  A catoblepas (Lair:4)
  2 two-headed ogres (D:10)
  6 death yaks (Lair:4)
  An orc knight (Bailey)
  13 elephants
  2 black mambas
  7 cane toads
  2 torpor snails (Lair:3)
  Maggie (Lair:2)
  7 komodo dragons
  4 rime drakes
  A troll (D:10)
  2 polar bears
  16 blink frogs
  A snapping turtle (Lair:2)
  2 dream sheep (Lair:3)
  48 yaks
  4 wyverns
  A shadow (D:10)
  4 basilisks
  3 vampire mosquitoes (D:10)
  An acid dragon (D:9)
  15 water moccasins
  4 sky beasts
  2 black bears (Lair:3)
  8 orc warriors
  An ice beast (D:3)
  4 centaurs
  2 ogres
  28 wolves
  A phantom (D:3)
  4 kobold brigands
  10 bullfrogs
  2 scorpions
  A necrophage (D:6)
  3 wights (D:6)
  5 killer bees (D:10)
  5 howler monkeys
  A jelly (D:7)
  7 orc priests
  A gnoll bouda (D:7)
  4 hounds
  4 iguanas
  6 orc wizards
  5 gnolls
  7 adders
  2 shadow imps (D:5)
  A white imp (D:7)
  2 ufetubi
  A worm (D:3)
  4 dart slugs
  36 orcs
  6 bats
  6 endoplasms
  5 giant cockroaches
  6 goblins
  7 hobgoblins
  5 quokkas
  8 ball pythons
  2 frilled lizards
  17 kobolds
  7 rats
  A bush (Lair:3)
379 creatures vanquished.

Vanquished Creatures (collateral kills)
  A foxfire (D:3)
1 creature vanquished.

Vanquished Creatures (others)
  A bush (Lair:4)
  498 foxfires
  37 fungi
  47 plants
583 creatures vanquished.

Grand Total: 963 creatures vanquished

Notes
Turn   | Place    | Note
-------+----------+-------------------------------------------
     0 | D:1      | raph the Deep Elf Fire Elementalist began the quest for the
                  | Orb.
     0 | D:1      | Reached XP level 1. HP: 10/10 MP: 6/6
   240 | D:1      | Reached XP level 2. HP: 15/15 MP: 1/8
   309 | D:1      | Learned a level 2 spell: Scorch
   312 | D:1      | Found Nuoweol's Antique Weapon Shoppe.
   829 | D:1      | Reached XP level 3. HP: 19/19 MP: 6/9
   833 | D:1      | Learned a level 3 spell: Conjure Flame
  1293 | D:2      | Reached skill level 5 in Fire Magic
  1452 | D:2      | Found a faded altar of an unknown god.
  1618 | D:2      | Identified the +9 hand axe of Virtue {flame, Str+3}
  2085 | D:3      | Noticed an ice beast
  2091 | D:3      | Killed an ice beast
  2092 | D:3      | Reached XP level 4. HP: 24/24 MP: 4/10
  2092 | D:3      | Reached XP level 5. HP: 28/28 MP: 4/11
  2093 | D:3      | Noticed a phantom
  2100 | D:3      | Killed a phantom
  2411 | D:3      | Learned a level 3 spell: Inner Flame
  2587 | D:3      | Reached XP level 6. HP: 32/32 MP: 9/12
  3377 | D:4      | Found a staircase to the Ecumenical Temple.
  3393 | Temple   | Entered the Ecumenical Temple
  3544 | Temple   | Became a worshipper of Vehumet
  4187 | D:4      | HP: 1/32 [orc/bolt of dispelling energy (8)]
  4866 | D:5      | Entered Level 5 of the Dungeon
  5026 | D:5      | Found a glowing golden altar of the Shining One.
  5026 | D:5      | Found a burning altar of Makhleb.
  5027 | D:5      | Found a basalt altar of Yredelemnul.
  5050 | D:5      | Reached XP level 7. HP: 37/37 MP: 2/14
  5051 | D:5      | Found a sacrificial altar of Ru.
  5117 | D:5      | Reached * piety under Vehumet
  5117 | D:5      | Offered knowledge of Magic Dart by Vehumet.
  5118 | D:5      | Reached skill level 1 in Fighting
  5217 | D:5      | Learned a level 1 spell: Magic Dart
  5853 | D:6      | Reached skill level 4 in Spellcasting
  5860 | D:6      | Learned a level 4 spell: Flame Wave
  5964 | D:6      | Reached XP level 8. HP: 45/45 MP: 6/16
  7088 | D:6      | Reached skill level 5 in Spellcasting
  7338 | D:7      | Offered knowledge of Shock by Vehumet.
  7339 | D:7      | Reached ** piety under Vehumet
  7607 | D:7      | Reached XP level 9. HP: 52/52 MP: 9/19
  7719 | D:7      | You fall into a shaft and drop 1 floor!
  7738 | D:8      | Reached skill level 5 in Conjurations
  7774 | D:8      | Identified the +0 scale mail "Nate" {Rampage}
  8087 | D:7      | Reached skill level 5 in Dodging
  8255 | D:7      | Noticed a smoke demon
  8279 | D:7      | Identified a scroll of acquirement
  8279 | D:7      | Acquired a Trismegistus Codex
  8285 | D:7      | Learned a level 3 spell: Mephitic Cloud
  8306 | D:7      | Learned a level 3 spell: Ignite Poison
  8311 | D:7      | Found a transporter.
  8337 | D:7      | Noticed a toenail golem
  8341 | D:7      | Found a transporter.
  8357 | D:7      | Noticed xelsha's ghost (novice GnAE)
  8359 | D:7      | Reached skill level 10 in Fire Magic
  8933 | D:8      | Offered knowledge of Stone Arrow by Vehumet.
  8935 | D:8      | Reached skill level 6 in Spellcasting
  8961 | D:8      | Learned a level 3 spell: Stone Arrow
  9292 | D:8      | Found a shimmering blue altar of Sif Muna.
  9299 | D:8      | Acquired a +1 buckler of protection
  9325 | D:8      | Found a runed translucent gate.
  9326 | D:8      | Found a runed translucent gate.
  9326 | D:8      | Found a runed translucent gate.
  9328 | D:8      | Noticed eightlis's ghost (novice MiBe)
  9329 | D:8      | Noticed a kobold demonologist
  9468 | D:8      | Reached *** piety under Vehumet
  9473 | D:8      | Reached skill level 1 in Shields
  9641 | D:9      | Noticed an orange demon
  9642 | D:9      | Noticed Amaemon
  9708 | D:9      | Reached skill level 5 in Fighting
  9718 | D:9      | Reached XP level 10. HP: 35/59 MP: 21/21
  9736 | D:9      | Offered knowledge of Sticky Flame by Vehumet.
  9902 | D:9      | Found a flagged portal.
  9932 | Bailey   | Entered a bailey
 10137 | Bailey   | Found a large runed translucent door.
 10137 | Bailey   | Found a large runed translucent door.
 10154 | Bailey   | Noticed an orc knight
 10169 | Bailey   | Killed an orc knight
 10170 | Bailey   | Reached skill level 7 in Spellcasting
 10379 | Bailey   | Noticed a deep elf pyromancer
 10526 | D:10     | Entered Level 10 of the Dungeon
 10711 | D:10     | Identified the +3 hand axe of the Mind {vorpal, *Slow rElec
                  | Dex+2}
 10718 | D:10     | Reached **** piety under Vehumet
 10917 | D:10     | Identified the +7 flail of Wounding {vamp, rElec Int+4}
 10918 | D:10     | Found a broken altar of Ashenzari.
 10933 | D:10     | Saw a vision of the Shoals and the Spider Nest.
 10933 | D:10     | Noticed a steelbarb worm
 10933 | D:10     | Noticed a manticore
 10933 | D:10     | Noticed an orb spider
 10933 | D:10     | Noticed an entropy weaver
 10933 | D:10     | Noticed a merfolk aquamancer
 10933 | D:10     | Noticed a merfolk siren
 10933 | D:10     | Noticed a radroach
 10933 | D:10     | Noticed a merfolk aquamancer
 10933 | D:10     | Noticed a manticore
 10933 | D:10     | Noticed a torpor snail
 10934 | D:10     | Noticed a pharaoh ant
 10935 | D:10     | Noticed an emperor scorpion
 10937 | D:10     | Noticed a moth of wrath
 11022 | D:10     | Offered knowledge of Fireball by Vehumet.
 11241 | D:10     | Found Mirock Coda's Antique Armour Shoppe.
 11307 | D:10     | Found a staircase to the Lair.
 11307 | D:10     | Noticed a two-headed ogre
 11307 | D:10     | Noticed a two-headed ogre
 11320 | D:10     | Killed a two-headed ogre
 11321 | D:10     | Reached skill level 9 in Spellcasting
 11322 | D:10     | Killed a two-headed ogre
 11323 | D:10     | Reached skill level 10 in Spellcasting
 11655 | D:10     | Reached XP level 11. HP: 64/64 MP: 25/27
 11663 | D:10     | Learned a level 5 spell: Fireball
 11813 | Lair:1   | Entered Level 1 of the Lair of Beasts
 12104 | Lair:1   | Reached skill level 1 in Staves
 12174 | Lair:1   | Reached skill level 1 in Air Magic
 12174 | Lair:1   | Reached skill level 1 in Evocations
 12190 | Lair:1   | Reached skill level 1 in Armour
 12989 | Lair:1   | Learned a level 5 spell: Freezing Cloud
 13001 | Lair:1   | Noticed a five-headed hydra
 13006 | Lair:1   | Killed a five-headed hydra
 13376 | Lair:2   | Noticed Fannar
 13514 | Lair:2   | Reached ***** piety under Vehumet
 13514 | Lair:2   | Offered knowledge of Orb of Destruction by Vehumet.
 13950 | Lair:2   | Reached skill level 11 in Spellcasting
 13973 | Lair:2   | Reached XP level 12. HP: 71/71 MP: 25/29
 14018 | Lair:2   | Noticed Maggie
 14021 | Lair:2   | Killed Maggie
 14119 | Lair:2   | Found a hole to the Spider Nest.
 14878 | Lair:2   | Noticed a four-headed hydra
 14882 | Lair:2   | Killed a four-headed hydra
 14957 | Lair:2   | Reached skill level 12 in Spellcasting
 15075 | Lair:2   | Found a staircase to the Shoals.
 15342 | Lair:3   | Reached skill level 13 in Spellcasting
 15356 | Lair:3   | Learned a level 7 spell: Orb of Destruction
 15794 | Lair:3   | Reached skill level 10 in Conjurations
 16204 | Lair:3   | Found a runed translucent door.
 16209 | Lair:3   | Noticed Jyacosit's ghost (journeyman TeAE)
 16466 | Lair:4   | Reached XP level 13. HP: 76/76 MP: 32/32
 16678 | Lair:4   | Offered knowledge of Iskenderun's Mystic Blast by Vehumet.
 16772 | Lair:4   | Reached skill level 14 in Spellcasting
 17206 | Lair:4   | Killed Fannar
 17360 | Lair:4   | Identified the +1 ring mail of the Pit {rF- rC++}
 18117 | Lair:5   | Entered Level 5 of the Lair of Beasts
 18127 | Lair:5   | Slain by a komodo dragon

Illustrated notes

Levels and vault maps discovered:
D:1:      wander_arrival_estate, layout_loops_ring, serial_shops, shop,
          serial_glass, glass_columns_a, glass_columns_c
D:2:      layout_loops_ring, shapermc_ecumenical_altar_petra
D:3:      layout_loops_ring, kennysheep_generic_room_14
D:4:      layout_loops_cross, minmay_temple_entry_grid, dk_noncrumbling_4
D:5:      layout_gridville, mainiacjoe_overflow_catwalk,
          gammafunk_temple_overflow_forgotten
D:6:      layout_gridville
D:7:      layout_loops_cross, gammafunk_ghost_abyssal_escape,
          nrook_pool_corridor, kennysheep_generic_room_13
D:8:      layout_gridville, nicolae_sif_muna_little_library,
          gammafunk_ghost_nasty_kobolds
D:9:      layout_rooms, mainiacjoe_overflow_paths, enter_bailey_2, nrook_uturn,
          uniq_amaemon
D:10:     layout_roguey, grunt_ashenzari_visionary
          [grunt_ashenzari_visionary_shoals, grunt_ashenzari_visionary_spider],
          lair_entry_dummy, serial_shops, kennysheep_mini
Temple:   nicolae_temple_bog_church
Lair:1:   layout_loops_ring
Lair:2:   layout_chaotic_city, minmay_shoals_entry_hut, dummy_spider_entry,
          chequers_serial_rivers_small_3, beast_lair_carwin_3,
          serial_bayou_shore_b, uniq_maggie, uniq_fannar
Lair:3:   layout_big_grid, ebering_ghost_reflecting_pool
Lair:4:   layout_regular_city, dpeg_oklob_1
Lair:5:   grunt_lair_end_beastmaster, layout_hall_layers,
          dpeg_slime_entry_enclosed, serial_forest, infiniplex_forest_pool,
          infiniplex_forest_clump_double, infiniplex_forest_clump_long,
          infiniplex_forest_end_3, infiniplex_forest_lined_4_way,
          infiniplex_forest_split, infiniplex_forest_lined_3

Skill      XL: |  1  2  3  4  5  6  7  8  9 10 11 12 13 |
---------------+----------------------------------------+-----
Fire Magic     | 4 6 7 8 9 10 11 12 13 | 13.0
Fighting       | 2 3 5 6 7 8 |  8.4
Dodging        | 3 4 5 6 7 |  7.7
Conjurations   | 3 4 6 7 8 10 12 | 12.2
Spellcasting   | 4 5 6 10 11 13 14 | 14.6
Shields        | 1 2 3 |  3.5
Staves         | 2 |  2.8
Stealth        | 4 |  4.7
Air Magic      | 2 |  2.9
Evocations     | 2 3 |  3.1
Armour         | 2 |  2.3

Action                   |  1- 3 |  4- 6 |  7- 9 | 10-12 | 13-15 || total
-------------------------+-------+-------+-------+-------+-------++-------
Melee: Short sword       |    12 |       |       |       |       ||    12
       Punch             |     1 |       |       |       |       ||     1
       Hand axe          |       |     2 |       |       |       ||     2
       Staff             |       |     2 |     5 |    22 |       ||    29
 Cast: Foxfire           |    40 |    52 |   108 |    73 |    14 ||   287
       Scorch            |    26 |    28 |    32 |    76 |     9 ||   171
       Inner Flame       |       |     3 |    12 |     1 |       ||    16
       Conjure Flame     |       |     1 |       |       |       ||     1
       Flame Wave        |       |       |    13 |    50 |    17 ||    80
       Magic Dart        |       |       |     6 |       |       ||     6
       Mephitic Cloud    |       |       |     1 |    17 |     2 ||    20
       Ignite Poison     |       |       |       |    12 |     2 ||    14
       Fireball          |       |       |       |    49 |    14 ||    63
       Freezing Cloud    |       |       |       |     1 |       ||     1
       Orb of Destructio |       |       |       |       |     1 ||     1
Evoke: Wand              |       |       |       |     2 |       ||     2
  Use: Scroll            |     7 |     4 |    12 |     7 |     2 ||    32
       Potion            |       |       |       |     1 |       ||     1
 Stab: Sleeping          |     1 |       |       |       |       ||     1
Armor: Robe              |     9 |     5 |    11 |       |       ||    25
       Acid dragon scale |       |       |       |    42 |    19 ||    61
Dodge: Dodged            |    11 |     5 |    40 |   113 |    40 ||   209
Block: Buckler           |       |       |       |    43 |    10 ||    53
